 Dungeon Crawl Stone Soup version 0.26-a0-1184-g95e395e029 (webtiles) character file.

Game seed: 6248709669819892852

217 sahdkjhfkaj the Fighter (level 5, 0/63 HPs)
             Began as an Ogre Monk on Dec 27, 2020.
             Slain by an orc
             ... wielding a +0 hand axe
              (4 damage)
             ... on level 3 of the Dungeon.
             The game lasted 00:06:08 (4116 turns).

sahdkjhfkaj the Fighter (Ogre Monk)                 Turns: 4116, Time: 00:06:09

Health: 0/63       AC:  3    Str: 16    XL:     5   Next: 94%
Magic:  5/5        EV: 10    Int: 11    God:
Gold:   206        SH:  0    Dex: 11    Spells: 4/4 levels left

rFire    . . .     SeeInvis .   a - +0 dagger (venom)
rCold    . . .     Faith    .   (no shield)
rNeg     . . .     Spirit   .   p - +0 robe
rPois    .         Reflect  .   (helmet restricted)
rElec    .         Harm     .   (no cloak)
rCorr    .         Rampage  .   (gloves unavailable)
Will     +....                  (boots unavailable)
Stlth    ++........             (no amulet)
HPRegen  0.20/turn              l - ring of willpower
MPRegen  0.09/turn              (no ring)

@: lethally poisoned (0 -> -2)
A: large, unfitting armour, tough skin 1
a: no special abilities


You were on level 3 of the Dungeon.
You visited 1 branch of the dungeon, and saw 3 of its levels.

You collected 206 gold pieces.

Inventory:

Hand Weapons
 a - a +0 dagger of venom (weapon)
 b - a +0 spear
Missiles
 c - 176 stones (quivered)
 k - a throwing net {!f}
Armour
 p - a +0 robe (worn)
Jewellery
 l - a ring of willpower (left hand)
 q - an uncursed amulet of reflection {unknown}
Scrolls
 d - a scroll of noise {unknown}
 f - a scroll of identify
 h - a scroll of remove curse
 m - a scroll of amnesia {unknown}
 n - a scroll of teleportation {unknown}
 o - a scroll of magic mapping {unknown}
 r - a scroll of enchant armour {unknown}
Potions
 e - 2 potions of brilliance
 g - a potion of magic
 i - a potion of mutation {unknown}
 j - a potion of heal wounds {unknown}


   Skills:
 + Level 8.2 Fighting
 - Level 3.0 Polearms
 - Level 3.0 Dodging
 - Level 1.4 Stealth


You had 4 spell levels left.
You didn't know any spells.
Your spell library was empty.

Dungeon Overview and Level Annotations

Branches:
Dungeon (3/15)

Altars:
Ashenzari
Vehumet


Innate Abilities, Weirdness & Mutations

You are too large for most types of armour.
You have tough skin. (AC +1)


Message History

You hit the orc.
The orc looks as sick as possible!
The orc is almost dead.
You feel sick.
You kill the orc!
You hit the kobold but do no damage.
The kobold is poisoned.
The kobold hits you with a +0 short sword of holy wrath.
* * * LOW HITPOINT WARNING * * *
You closely miss the kobold.
You feel sick. The kobold completely misses you.
You hit the kobold.
You kill the kobold!
You hit the orc but do no damage.
The orc is poisoned.
You feel sick. The orc hits you but does no damage.
You closely miss the orc.
The orc is lightly wounded.
The orc hits you with a +0 hand axe.
* * * LOW HITPOINT WARNING * * *
You barely miss the orc.
The orc is heavily wounded.
You feel sick. The orc hits you with a +0 hand axe.
You die...

.####.####.##.######.##..#....
... #..[...## #.##..#.#..
#####...####.†# #..#..#.#..
.....##..##.# ##.#..#....
......#....'.# #....###.#
......#....#..........# #..
..... ##..#####..##..## ###
..... ##'###.##.##..# ##@'...#
###.# #.rgo###.## #.# #$..ww
### #.. #....J #$)$). ##...#
####


You could see 2 worms, an ooze, an orc (very poisoned), a quokka and a
hobgoblin.

Vanquished Creatures
  2 orc wizards (D:3)
  A worker ant (D:3)
  Robin (D:2)
  4 adders
  An ooze (D:2)
  A worm (D:2)
  A dart slug (D:2)
  2 leopard geckos
  2 orcs
  3 ball pythons
  A giant cockroach (D:1)
  19 goblins
  8 hobgoblins
  7 jackals
  7 kobolds
  10 bats
  A frilled lizard (D:1)
  7 rats
78 creatures vanquished.

Notes
Turn   | Place    | Note
-------+----------+-------------------------------------------
     0 | D:1      | sahdkjhfkaj the Ogre Monk began the quest for the Orb.
     0 | D:1      | Reached XP level 1. HP: 24/24 MP: 1/1
   162 | D:1      | Reached XP level 2. HP: 32/32 MP: 2/2
   706 | D:1      | Reached skill level 5 in Fighting
   756 | D:1      | Reached XP level 3. HP: 31/42 MP: 3/3
  1523 | D:2      | Found a radiant altar of Vehumet.
  1719 | D:2      | Found a broken altar of Ashenzari.
  1811 | D:2      | Reached skill level 6 in Fighting
  1813 | D:2      | Reached XP level 4. HP: 48/52 MP: 4/4
  2470 | D:3      | Noticed Robin
  2967 | D:3      | Reached skill level 7 in Fighting
  2967 | D:3      | Reached XP level 5. HP: 50/62 MP: 5/5
  3354 | D:2      | Found a radiant altar of Vehumet.
  3377 | D:2      | Killed Robin
  3646 | D:2      | Found a broken altar of Ashenzari.
  4083 | D:3      | Reached skill level 8 in Fighting
  4116 | D:3      | Slain by an orc

Illustrated notes

Levels and vault maps discovered:
D:1:      dpeg_arrival_leaves_temple_mockup, layout_loops_corners
D:2:      layout_loops_ring, vehumet_crystals, ashenzari_altar_1
D:3:      layout_basic, gup_sewer_entry_spiral, minmay_misc_feat_tower,
          minmay_joined_circles, uniq_robin, uniq_crazy_yiuf_cottage

Skill      XL: |  1  2  3  4  5 |
---------------+----------------+-----
Dodging        | 3 |  3.0
Fighting       | 5 6 7 8 |  8.2
Polearms       | |  3.0
Stealth        | |  1.4

Action                   |  1- 3 |  4- 6 || total
-------------------------+-------+-------++-------
Melee: Spear             |   118 |   139 ||   257
       Dagger            |       |    58 ||    58
Throw: Stone             |    17 |       ||    17
  Use: Scroll            |     4 |     1 ||     5
 Stab: Sleeping          |     3 |     2 ||     5
Armor: Robe              |    25 |    58 ||    83
Dodge: Dodged            |    43 |    95 ||   138

Table legend: (Time is in decaauts)
 A = Elapsed time spent in this place.
 B = Non-inter-level travel time spent in this place.
 C = Inter-level travel time spent in this place.
 D = Time resting spent in this place.
 E = Time spent auto-exploring this place.
 F = Levels seen in this place.
 G = Mean time per level.
                   A        B        C        D        E       F      G
               +--------+--------+--------+--------+--------+-----+--------+
         Total |   4108 |   3956 |    152 |    513 |   2824 |   3 | 1369.3 |
       Dungeon |   4108 |   3956 |    152 |    513 |   2824 |   3 | 1369.3 |
               +--------+--------+--------+--------+--------+-----+--------+

Top non-repeatable levels by time:
     D:2: 2232 daAuts
     D:1: 1455 daAuts
     D:3: 420 daAuts
